 Dungeon Crawl Stone Soup version 0.25.1-2-g60ff931df9 (webtiles) character file.

Game seed: 12185049866930662582

202314 WalkingCorpse the Thaumaturge (level 18, -9/140 HPs)
             Began as a Gnoll Wizard on Sept 20, 2020.
             Was the Champion of Vehumet.
             Hit by a large rock thrown by Polyphemus (37 damage)
             ... on level 2 of the Shoals on Sept 27, 2020.
             The game lasted 04:06:25 (40210 turns).

WalkingCorpse the Thaumaturge (Gnoll Wizard)       Turns: 40210, Time: 04:06:26

Health: -9/140     AC: 16    Str: 10    XL:     18   Next: 57%
Magic:  35/44      EV: 26    Int: 24    God:    Vehumet [******]
Gold:   3427       SH:  0    Dex: 25    Spells: 14/44 levels left

rFire    x . .     SeeInvis +   e - +10 quarterstaff of Desperation {flame, +Blink rElec rC+ Dex+5}
rCold    + + +     Gourm    .   (shield currently unavailable)
rNeg     . . .     Faith    .   p - +2 steam dragon scales
rPois    +         Spirit   .   I - +1 helmet
rElec    +         Reflect  .   a - +0 cloak {rC+}
rCorr    .         Harm     .   J - +0 pair of gloves {archery}
MR       +++..                  M - +0 pair of boots
Stlth    +++++++...             E - amulet "Koacrysch" {rPois Regen+ MP+9 Int-5 Dex+7}
HPRegen  0.73/turn              q - ring of wizardry
MPRegen  0.29/turn              C - ring of Oluofeh {Ice rElec MR++ SInv Stlth+}

@: no status effects
A: distributed training, fangs 1, strong nose
}: 1/15 runes: gossamer
a: Renounce Religion, Evoke Blink


You were on level 2 of the Shoals.
You worshipped Vehumet.
Vehumet was exalted by your worship.
You were not hungry.

You visited 5 branches of the dungeon, and saw 30 of its levels.
You also visited: Ossuary, Gauntlet and Ice Cave.

You collected 3607 gold pieces.
You spent 180 gold pieces at shops.

Inventory:

Hand Weapons
 e - the +10 quarterstaff of Desperation (weapon) {flame, +Blink rElec rC+ Dex+5}
   (You found it on level 8 of the Dungeon)

   It has been specially enchanted to burn those struck by it, causing extra
   injury to most foes and up to half again as much damage against particularly
   susceptible opponents.
   It affects your dexterity (+5).
   It protects you from cold.
   It insulates you from electricity.
   It lets you blink.
Missiles
 g - 19 atropa-tipped darts (quivered)
 h - 4 datura-tipped darts
 n - 3 boomerangs of dispersal
 A - 18 silver javelins
 U - 5 curare-tipped darts
Armour
 a - a +0 cloak of cold resistance (worn)
 p - +2 steam dragon scales (worn)
 r - a +2 kite shield
 I - a +1 helmet (worn)
 J - a +0 pair of gloves of archery (worn)
 M - a +0 pair of boots (worn)
Jewellery
 q - a ring of wizardry (left hand)
 C - the ring of Oluofeh (right hand) {Ice rElec MR++ SInv Stlth+}
   (You took it off a minotaur in a Gauntlet)

   [ring of ice]

   It enhances your ice magic.
   It makes you vulnerable to fire.
   It protects you from cold.
   It insulates you from electricity.
   It affects your resistance to hostile enchantments.
   It lets you see invisible.
   It makes you more stealthy.
 E - the amulet "Koacrysch" (around neck) {rPois Regen+ MP+9 Int-5 Dex+7}
   (You took it off a centaur warrior on level 9 of the Dungeon)

   [amulet of regeneration]

   It affects your intelligence (-5).
   It affects your dexterity (+7).
   It protects you from poison.
   It affects your magic capacity (+9).
   It increases your rate of regeneration.
Wands
 k - a wand of enslavement (6)
 D - a wand of digging (21)
 H - a wand of clouds (4)
 L - a wand of disintegration (18)
 O - a wand of paralysis (7)
 Q - a wand of flame (63)
 W - a wand of acid (5)
Scrolls
 c - 19 scrolls of teleportation
 i - a scroll of torment
 l - 3 scrolls of fear
 m - 2 scrolls of amnesia
 t - 2 scrolls of silence
 v - 8 scrolls of remove curse
 y - 3 scrolls of fog
 z - 7 scrolls of magic mapping
 B - 3 scrolls of summoning
 K - 2 scrolls of identify
 N - a scroll of holy word
 T - 2 scrolls of blinking
Potions
 b - 6 potions of heal wounds
 j - 11 potions of curing
 o - 5 potions of flight
 u - 7 potions of brilliance
 x - a potion of invisibility
 F - 8 potions of resistance
 G - a potion of magic
 R - 2 potions of might
 S - 3 potions of haste
Miscellaneous
 P - a phial of floods
 V - a phantom mirror
 Z - 2 boxes of beasts
Comestibles
 d - 59 rations
 f - 5 chunks of flesh


   Skills:
 + Level 12.1 Fighting
 + Level 12.1 Short Blades
 + Level 12.1 Long Blades
 + Level 12.1 Axes
 + Level 12.1 Maces & Flails
 + Level 12.1 Polearms
 + Level 12.1 Staves
 + Level 12.1 Slings
 + Level 12.1 Bows
 + Level 12.1 Crossbows
 + Level 12.1 Throwing
 + Level 12.1 Armour
 + Level 12.8 Dodging
 + Level 12.7 Stealth
 + Level 12.1 Shields
 + Level 12.1 Unarmed Combat
 + Level 13.7 Spellcasting
 + Level 10.5 Conjurations
 + Level 10.3 Hexes
 + Level 10.3 Charms
 + Level 10.5 Summonings
 + Level 10.3 Necromancy
 + Level 10.5 Translocations
 + Level 10.3 Transmutations
 + Level 10.3 Fire Magic
 + Level 10.3 Ice Magic
 + Level 10.3 Air Magic
 + Level 10.3 Earth Magic
 + Level 10.3 Poison Magic
 + Level 13.0 Invocations
 + Level 12.1 Evocations


You had 14 spell levels left.
You knew the following spells:

 Your Spells              Type           Power        Failure   Level  Hunger
a - Stone Arrow           Conj/Erth      ######       1%          3    None
b - Blink                 Tloc           N/A          1%          2    None
e - Mephitic Cloud        Conj/Pois/Air  ######..     1%          3    None
f - Summon Ice Beast      Ice/Summ       #######.     1%          4    None
g - Orb of Destruction    Conj           ######....   4%          7    ######.
h - Spellforged Servitor  Conj/Summ      ######....   4%          7    ######.
r - Olgreb's Toxic Radia  Pois           ######..     1%          4    None

Your spell library contained the following spells:

 Spells                   Type           Power        Failure   Level  Hunger
 Chain Lightning          Conj/Air       ######....   30%         8    #######
 Absolute Zero            Ice            #######...   98%         9    #######
 Tornado                  Air            ######....   98%         9    #######
 Beastly Appendage        Tmut           ######       1%          1    None
 Freeze                   Ice            ####         1%          1    None
 Magic Dart               Conj           ####         1%          1    None
 Shock                    Conj/Air       ####         1%          1    None
 Call Imp                 Summ           ######..     1%          2    None
 Shroud of Golubria       Chrm/Tloc      ######       1%          2    None
 Slow                     Hex            ######..     1%          2    None
 Sticks to Snakes         Tmut           ######..     1%          2    None
 Swiftness                Chrm/Air       ######..     1%          2    None
 Conjure Flame            Conj/Fire      ######..     1%          3    None
 Frozen Ramparts          Ice            ######       1%          3    None
 Gell's Gravitas          Tloc           ######....   1%          3    None
 Lesser Beckoning         Tloc           ######....   1%          3    None
 Ozocubu's Armour         Chrm/Ice       #######.     1%          3    None
 Spider Form              Tmut/Pois      ######....   1%          3    None
 Static Discharge         Conj/Air       ######..     1%          3    None
 Teleport Other           Tloc           ######..     1%          3    None
 Airstrike                Air            ######....   1%          4    None
 Hailstorm                Conj/Ice       #######.     1%          4    None
 Ice Form                 Ice/Tmut       #######.     1%          4    None
 Passage of Golubria      Tloc           N/A          1%          4    None
 Blade Hands              Tmut           ######....   1%          5    ###....
 Bolt of Magma            Conj/Fire/Erth ######....   1%          5    ###....
 Iskenderun's Battlesphe  Conj/Chrm      ######..     1%          5    ###....
 Lightning Bolt           Conj/Air       ######....   1%          5    ###....
 Metabolic Englaciation   Hex/Ice        #######...   1%          5    ###....
 Freezing Cloud           Conj/Ice/Air   #######...   1%          6    #####..
 Iron Shot                Conj/Erth      ######....   1%          6    #####..
 Ozocubu's Refrigeration  Ice            #######...   1%          6    #####..
 Simulacrum               Ice/Necr       #######...   3%          6    #####..


Dungeon Overview and Level Annotations

Branches:
Dungeon (15/15)            Temple (0/1) D:5            Lair (6/6) D:11
 Shoals (3/4) Lair:3       Spider (4/4) Lair:3        Slime (0/5) Lair:6
    Orc (2/2) D:12            Elf (0/3) Orc:2        Vaults (0/5) D:14
 Depths (0/5) D:15        Ossuary (visited)           IceCv (visited)
Gauntlet (visited)

Altars:
Cheibriados
Dithmenos
Elyvilon
Gozag
Hepliaklqana
Nemelex Xobeh
Qazlal
Ru
Vehumet
Xom
Yredelemnul
The Shining One
Beogh

Shops:
D:4 ((?[   D:5 !   D:11 =   Orc:1 :   Orc:2 [[}[   Shoals:1 =

Annotations:
D:15 Azrael, Roxanne
Shoals:2 Polyphemus


Innate Abilities, Weirdness & Mutations

Your experience applies equally to all skills.
You have very sharp teeth.
Your uncanny sense of smell can sniff out nearby items.


Message History

Unknown command.
Casting: Mephitic Cloud (safe; 1% risk of failure)
Confirm with . or Enter, or press ? or * to list all spells.
You blink.
Polyphemus is engulfed in noxious fumes.
Polyphemus throws a large rock.
The large rock closely misses you.
You hear a splash.
Casting: Blink (safe; 1% risk of failure)
Confirm with . or Enter, or press ? or * to list all spells.
Aiming: Mephitic Cloud (safe; 1% risk of failure)
Press: ? - help, Shift-Dir - straight line, f - death yak
Aim: a death yak The ball explodes into a vile cloud!
The stinking cloud engulfs the death yak but does no damage.
Polyphemus throws a large rock.
The large rock completely misses you.
You hear a splash.
The death yak is engulfed in noxious fumes.
Unknown command.
Polyphemus throws a large rock.
The large rock hits you!!!
You die...

..≈≈≈≈≈≈≈≈.≈≈...≈≈≈≈≈≈≈≈≈≈≈ ≈≈
..≈≈≈..≈≈.......≈≈≈≈≈≈≈≈≈≈≈≈ ≈≈
≈≈≈(...........≈≈≈≈≈≈≈≈≈≈≈≈≈ ≈≈
≈≈≈.....#####...≈≈≈≈≈≈≈≈≈≈≈≈ ≈≈≈
≈≈≈≈≈.### ##..≈≈≈≈≈≈≈≈≈≈≈≈≈≈≈≈≈
≈≈≈≈..### ###..≈)≈≈≈≈≈≈≈≈≈≈≈≈≈≈≈≈
≈≈≈≈....###.§§§.≈≈≈.≈≈≈≈≈≈≈≈≈≈≈≈≈
≈≈≈≈≈....#..§§Y..≈≈.≈≈≈≈≈≈≈≈≈≈≈≈≈
≈≈≈≈≈..##....○☼.@.≈≈≈≈≈≈≈≈≈≈≈≈≈≈≈
≈≈≈...###..○......≈≈≈≈≈≈≈≈≈≈≈≈≈≈≈
≈≈....###≈°°C..##...)≈≈≈≈≈≈≈≈≈≈≈≈
≈..≈≈.....○>☼.###..≈≈≈≈≈≈≈≈≈≈≈≈≈≈
≈≈≈≈.....≈..≈≈≈≈≈≈≈≈≈≈≈≈≈≈≈≈≈≈≈..
≈≈≈...≈≈..≈≈≈≈≈≈≈≈.≈≈≈≈≈≈≈≈≈≈≈≈.#
≈≈≈...≈≈≈≈≈≈≈≈≈≈≈..≈≈..≈≈.≈≈≈≈..#
≈≈≈.##.≈≈≈≈≈≈≈≈≈≈..≈≈≈≈≈≈≈..≈≈..#
≈≈≈...≈.....≈≈≈≈≈≈≈.≈≈≈≈≈≈.......


You could see Polyphemus and a death yak.

Vanquished Creatures
  Jorgrun (D:14)
  Gastronok (Lair:2)
  Kirke (D:14)
  Ilsuiw (Shoals:1)
  Louise (D:14)
  3 ghost moths (Spider:4)
  6 emperor scorpions
  An ironheart preserver (D:14)
  A reaper (Gauntlet)
  A stone giant (Orc:1)
  A minotaur (Gauntlet)
  A blizzard demon (IceCv)
  A merfolk javelineer (Shoals:2)
  2 merfolk impalers
  Josephine (D:14)
  Erolcha (D:10)
  2 catoblepae
  Harold (Orc:1)
  3 centaur warriors
  2 ice dragons
  7 hydras
  4 merfolk avatars
  2 two-headed ogres
  2 alligator snapping turtles
  8 death yaks
  A deep troll shaman (Lair:6)
  A tengu warrior (Gauntlet)
  2 merfolk aquamancers (Shoals:1)
  A sixfirhy (Gauntlet)
  4 skeletal warriors (D:15)
  A death drake (Gauntlet)
  A glowing orange brain (shapeshifter) (D:15)
  Pikel (D:6)
  4 unseen horrors
  A harpy (shapeshifter) (D:14)
  4 orc knights
  A lindwurm (Lair:6)
  3 orc sorcerers
  4 harpies (Shoals:2)
  17 ugly things
  32 wolf spiders
  A wolf spider zombie (Gauntlet)
  3 deep elf magi
  2 moths of wrath
  25 orb spiders
  10 manticores
  12 fauns
  11 elephants
  3 cyclopes
  An ice statue (IceCv)
  3 water nymphs
  8 merfolk sirens
  Maurice (D:12)
  3 black mambas
  A spectral centaur (Gauntlet)
  3 torpor snails
  9 spiny frogs
  Maggie (D:10)
  11 komodo dragons
  3 rime drakes
  A kobold demonologist (D:13)
  A rime drake (shapeshifter) (D:15)
  A komodo dragon (shapeshifter) (D:15)
  3 tengu conjurers
  3 freezing wraiths (IceCv)
  7 demonic crawlers
  An anaconda simulacrum (IceCv)
  A golden dragon simulacrum (IceCv)
  4 ice devils (IceCv)
  5 meliai
  A polar bear (Lair:4)
  8 trolls
  3 wind drakes
  A wolf spider simulacrum (IceCv)
  A queen bee (Lair:5)
  27 jumping spiders
  A hornet (Spider:3)
  10 merfolk
  3 blink frogs (Lair:2)
  15 dream sheep
  7 snapping turtles
  8 slime creatures
  12 hippogriffs
  2 vampires
  3 shadows
  74 redbacks
  6 water elementals
  27 tarantellas
  4 wraiths
  53 yaks
  2 hogs (D:14)
  A wyvern (D:13)
  A spriggan (Lair:2)
  5 hungry ghosts
  12 vampire mosquitoes
  3 basilisks
  5 harpy simulacra (IceCv)
  An iron troll simulacrum (IceCv)
  A warg (D:12)
  2 hell hounds (D:15)
  A soldier ant (D:13)
  5 hydra simulacra (IceCv)
  15 water moccasins
  8 porcupines
  3 slaves (D:6)
  2 ice beasts
  40 orc warriors
  4 sky beasts
  5 black bears
  2 ettin simulacra (IceCv)
  2 phantoms (D:8)
  22 centaurs
  3 boggarts (D:15)
  21 wolves
  12 ogres
  19 crocodiles
  2 big kobolds
  Blork the orc (D:5)
  19 bullfrogs
  3 elf zombies (Ossuary)
  A gnoll sergeant (D:10)
  A wyvern zombie (D:14)
  21 killer bees
  4 scorpions
  An elephant simulacrum (IceCv)
  A swamp dragon simulacrum (IceCv)
  5 electric eels
  4 wights (D:13)
  3 howler monkeys
  7 crimson imps
  2 quasits
  15 orc priests
  6 centaur zombies
  14 hounds
  4 jellies
  3 draconian simulacra (IceCv)
  3 bullfrog skeletons
  3 bullfrog zombies
  A human zombie (Ossuary)
  Crazy Yiuf (D:4)
  7 centaur skeletons
  A gnoll shaman (D:5)
  4 iguanas
  9 worker ants
  Ijyb (D:5)
  Terence (D:2)
  22 orc wizards
  9 troll simulacra (IceCv)
  A polar bear simulacrum (IceCv)
  A wolf simulacrum (IceCv)
  3 big kobold zombies (Ossuary)
  2 killer bee zombies
  3 centaur simulacra (IceCv)
  3 hound zombies
  A hound skeleton (D:10)
  3 mummies (Ossuary)
  A howler monkey zombie (D:5)
  A worker ant zombie (D:7)
  6 gnolls
  4 ogre simulacra (IceCv)
  11 adders
  A naga simulacrum (IceCv)
  7 shadow imps
  7 white imps
  6 ufetubi
  An ooze (D:2)
  An adder skeleton (D:4)
  A worm (D:3)
  8 leopard geckos
  92 orcs
  5 giant cockroaches
  2 gnoll zombies (Ossuary)
  9 goblins
  13 hobgoblins
  7 jackals
  13 kobolds
  3 quokkas
  2 ball pythons
  9 bats
  7 frilled lizards
  4 goblin skeletons (D:6)
  3 goblin zombies (Ossuary)
  6 hobgoblin zombies (Ossuary)
  4 jackal zombies (Ossuary)
  3 kobold skeletons (D:6)
  6 kobold zombies
  An orc skeleton (D:6)
  3 orc zombies
  5 quokka zombies
  5 rats
  4 rat zombies (Ossuary)
  A spectral orc (D:6)
  2 plants (Lair:2)
1194 creatures vanquished.

Vanquished Creatures (collateral kills)
  3 emperor scorpions
  A hydra (Lair:3)
  An elephant (Lair:6)
  A basilisk (Lair:2)
  A boggart (D:15)
7 creatures vanquished.

Vanquished Creatures (others)
  A rakshasa (D:15)
  A water elemental (Shoals:1)
  A white imp (IceCv)
  An ufetubus (IceCv)
  8 fungi
  6 plants
18 creatures vanquished.

Grand Total: 1219 creatures vanquished

Notes
Turn   | Place    | Note
-------+----------+-------------------------------------------
     0 | D:1      | WalkingCorpse the Gnoll Wizard began the quest for the Orb.
     0 | D:1      | Reached XP level 1. HP: 13/13 MP: 8/8
   209 | D:1      | Reached XP level 2. HP: 19/19 MP: 2/10
   576 | D:1      | Reached XP level 3. HP: 25/25 MP: 3/11
  1050 | D:1      | Reached skill level 1 in Invocations
  1136 | D:1      | Learned a level 2 spell: Blink
  1140 | D:1      | Learned a level 3 spell: Mephitic Cloud
  1214 | D:2      | Found a white marble altar of Elyvilon.
  1250 | D:2      | Reached skill level 1 in Fighting
  1250 | D:2      | Reached skill level 1 in Short Blades
  1250 | D:2      | Reached skill level 1 in Long Blades
  1250 | D:2      | Reached skill level 1 in Axes
  1250 | D:2      | Reached skill level 1 in Maces & Flails
  1250 | D:2      | Reached skill level 1 in Polearms
  1250 | D:2      | Reached skill level 1 in Staves
  1250 | D:2      | Reached skill level 1 in Slings
  1250 | D:2      | Reached skill level 1 in Bows
  1250 | D:2      | Reached skill level 1 in Crossbows
  1250 | D:2      | Reached skill level 1 in Throwing
  1250 | D:2      | Reached skill level 1 in Armour
  1250 | D:2      | Reached skill level 1 in Shields
  1250 | D:2      | Reached skill level 1 in Unarmed Combat
  1250 | D:2      | Reached skill level 1 in Evocations
  1313 | D:2      | Reached XP level 4. HP: 32/32 MP: 5/13
  1340 | D:2      | Found a sparkling altar of Nemelex Xobeh.
  1516 | D:2      | Noticed Terence
  1913 | D:2      | Killed Terence
  1913 | D:2      | Reached skill level 1 in Hexes
  1913 | D:2      | Reached skill level 1 in Charms
  1913 | D:2      | Reached skill level 1 in Necromancy
  1913 | D:2      | Reached skill level 1 in Transmutations
  1913 | D:2      | Reached skill level 1 in Fire Magic
  1913 | D:2      | Reached skill level 1 in Ice Magic
  1913 | D:2      | Reached skill level 1 in Air Magic
  1913 | D:2      | Reached skill level 1 in Earth Magic
  1913 | D:2      | Reached skill level 1 in Poison Magic
  2015 | D:3      | Found a stormy altar of Qazlal.
  2679 | D:3      | Reached XP level 5. HP: 37/37 MP: 10/14
  2760 | D:3      | Found a snail-covered altar of Cheibriados.
  2761 | D:3      | Found a radiant altar of Vehumet.
  2773 | D:3      | Became a worshipper of Vehumet
  3098 | D:4      | Found Erreycej's Antique Armour Boutique.
  3105 | D:4      | Noticed an ogre
  3121 | D:4      | Killed an ogre
  3225 | D:4      | Reached XP level 6. HP: 37/44 MP: 10/16
  3465 | D:4      | Found a runed translucent door.
  3466 | D:4      | Noticed Crazy Yiuf
  3480 | D:4      | Killed Crazy Yiuf
  3636 | D:4      | Found a hazy altar of Hepliaklqana.
  3672 | D:4      | Found Xuejuzue's Weapon Shop.
  3736 | D:4      | Found Puc Myse's Magic Scroll Boutique.
  3775 | D:4      | Bought a scroll of blinking for 105 gold pieces
  3853 | D:4      | Found Tiomaofryf's Weapon Emporium.
  4025 | D:5      | Entered Level 5 of the Dungeon
  4034 | D:5      | Reached skill level 5 in Dodging
  4060 | D:5      | Noticed a sky beast
  4225 | D:5      | Noticed Ijyb
  4264 | D:5      | Found Upluucot's Distillery.
  4286 | D:5      | Reached XP level 7. HP: 45/50 MP: 15/18
  4360 | D:5      | Found a sand-covered staircase.
  4365 | Ossuary  | Entered an ossuary
  4385 | Ossuary  | Reached * piety under Vehumet
  4385 | Ossuary  | Offered knowledge of Shock by Vehumet.
  4777 | Ossuary  | Learned a level 3 spell: Conjure Flame
  5145 | Ossuary  | Reached skill level 5 in Stealth
  5147 | Ossuary  | Offered knowledge of Foxfire by Vehumet.
  5326 | Ossuary  | Reached ** piety under Vehumet
  5579 | D:5      | Found a staircase to the Ecumenical Temple.
  5657 | D:5      | Reached XP level 8. HP: 57/57 MP: 12/19
  5704 | D:5      | Bought a potion of curing for 33 gold pieces
  5936 | D:5      | Found an opulent altar of Gozag.
  6016 | D:5      | Noticed Blork the orc
  6035 | D:5      | Killed Blork the orc
  6172 | D:5      | Killed Ijyb
  6998 | D:6      | Found a sparkling altar of Nemelex Xobeh.
  7359 | D:6      | Found a glowing golden altar of the Shining One.
  7366 | D:6      | Offered knowledge of Inner Flame by Vehumet.
  7482 | D:6      | Noticed Pikel
  7768 | D:6      | Killed Pikel
  7768 | D:6      | Reached XP level 9. HP: 65/65 MP: 6/21
  7857 | D:6      | Found a basalt altar of Yredelemnul.
  8023 | D:7      | Got a scorched leather armour
  8073 | D:4      | Bought a scroll of remove curse for 42 gold pieces
  8084 | D:4      | Identified the +2 leather armour of Hangman {rC+} (You
                  | found it on level 7 of the Dungeon)
  8571 | D:7      | Reached *** piety under Vehumet
  9688 | D:8      | Offered knowledge of Stone Arrow by Vehumet.
  9693 | D:8      | Learned a level 3 spell: Stone Arrow
  9939 | D:8      | Reached skill level 5 in Invocations
  9976 | D:8      | Got a translucent quarterstaff
 10012 | D:8      | Identified the +10 quarterstaff of Desperation {flame,
                  | +Blink rElec rC+ Dex+5} (You found it on level 8 of the
                  | Dungeon)
 10261 | D:9      | Noticed a troll
 10270 | D:8      | Killed a troll
 10270 | D:8      | Reached XP level 10. HP: 73/73 MP: 19/22
 10319 | D:9      | Reached skill level 5 in Fighting
 10319 | D:9      | Reached skill level 5 in Short Blades
 10319 | D:9      | Reached skill level 5 in Long Blades
 10319 | D:9      | Reached skill level 5 in Axes
 10319 | D:9      | Reached skill level 5 in Maces & Flails
 10319 | D:9      | Reached skill level 5 in Polearms
 10319 | D:9      | Reached skill level 5 in Staves
 10319 | D:9      | Reached skill level 5 in Slings
 10319 | D:9      | Reached skill level 5 in Bows
 10319 | D:9      | Reached skill level 5 in Crossbows
 10319 | D:9      | Reached skill level 5 in Throwing
 10319 | D:9      | Reached skill level 5 in Armour
 10319 | D:9      | Reached skill level 5 in Shields
 10319 | D:9      | Reached skill level 5 in Unarmed Combat
 10319 | D:9      | Reached skill level 5 in Evocations
 10399 | D:9      | Reached **** piety under Vehumet
 10564 | D:9      | Offered knowledge of Airstrike by Vehumet.
 10573 | D:9      | Noticed a two-headed ogre
 10590 | D:9      | Killed a two-headed ogre
 10620 | D:9      | Reached skill level 5 in Conjurations
 10620 | D:9      | Reached skill level 5 in Summonings
 10620 | D:9      | Reached skill level 5 in Translocations
 10901 | D:9      | Identified the amulet "Koacrysch" {rPois Regen+ MP+9 Int-5
                  | Dex+7}
 10901 | D:9      | Noticed a centaur warrior
 10908 | D:9      | Killed a centaur warrior
 11109 | D:9      | Noticed a brown ugly thing
 11136 | D:8      | Killed a brown ugly thing
 11136 | D:8      | Reached XP level 11. HP: 81/81 MP: 9/24
 11433 | D:9      | Noticed a wolf spider
 11443 | D:9      | Noticed a centaur warrior
 11444 | D:9      | Noticed a manticore
 11469 | D:9      | Killed a wolf spider
 11949 | D:9      | Found a shadowy altar of Dithmenos.
 12027 | D:9      | Killed a centaur warrior
 12027 | D:9      | Reached skill level 5 in Hexes
 12027 | D:9      | Reached skill level 5 in Charms
 12027 | D:9      | Reached skill level 5 in Necromancy
 12027 | D:9      | Reached skill level 5 in Transmutations
 12027 | D:9      | Reached skill level 5 in Fire Magic
 12027 | D:9      | Reached skill level 5 in Ice Magic
 12027 | D:9      | Reached skill level 5 in Air Magic
 12027 | D:9      | Reached skill level 5 in Earth Magic
 12027 | D:9      | Reached skill level 5 in Poison Magic
 12142 | D:9      | Killed a manticore
 12230 | D:10     | Entered Level 10 of the Dungeon
 12389 | D:10     | Noticed Erolcha
 12407 | D:10     | Killed Erolcha
 12553 | D:10     | Noticed Maggie
 12568 | D:10     | Killed Maggie
 13348 | D:11     | Reached ***** piety under Vehumet
 13348 | D:11     | Noticed a brown ugly thing
 13365 | D:11     | Killed a brown ugly thing
 13365 | D:11     | Offered knowledge of Olgreb's Toxic Radiance by Vehumet.
 13541 | D:11     | Found a sparkling altar of Nemelex Xobeh.
 13548 | D:11     | Found Kuurokic's Jewellery Boutique.
 13610 | D:10     | Learned a level 4 spell: Olgreb's Toxic Radiance
 13709 | D:11     | Reached XP level 12. HP: 89/89 MP: 25/25
 13869 | D:11     | Found a staircase to the Lair.
 14228 | D:12     | Found a sacrificial altar of Ru.
 14259 | D:12     | Found a gate leading to a gauntlet.
 14274 | Gauntlet | Entered a Gauntlet
 14274 | Gauntlet | Found a transporter.
 14274 | Gauntlet | Noticed a tengu warrior
 14277 | Gauntlet | Found a transporter.
 14281 | Gauntlet | Found a transporter.
 14295 | Gauntlet | Found a transporter.
 14299 | Gauntlet | Found a transporter.
 14303 | Gauntlet | Found a transporter.
 14308 | Gauntlet | Found a transporter.
 14309 | Gauntlet | Noticed a five-headed hydra
 14315 | Gauntlet | Found a transporter.
 14319 | Gauntlet | Found a transporter.
 14327 | Gauntlet | Found a transporter.
 14348 | Gauntlet | Found a transporter.
 14360 | Gauntlet | Found a transporter.
 14363 | Gauntlet | Noticed a reaper
 14372 | Gauntlet | Found a transporter.
 14384 | Gauntlet | Found a transporter.
 14413 | Gauntlet | Killed a tengu warrior
 14413 | Gauntlet | Reached skill level 10 in Spellcasting
 14494 | Gauntlet | Killed a reaper
 14512 | Gauntlet | Learned a level 4 spell: Summon Ice Beast
 14638 | Gauntlet | Killed a five-headed hydra
 14743 | Gauntlet | Got a faintly glowing hand axe
 14839 | Gauntlet | Identified the cursed +1 great mace of Bloodstone {holy,
                  | *Slow Int+3 Dex+2}
 14839 | Gauntlet | Identified the ring of Oluofeh {Ice rElec MR++ SInv Stlth+}
 14839 | Gauntlet | Noticed a minotaur
 14856 | Gauntlet | Killed a minotaur
 15013 | D:12     | Identified the +9 hand axe of Conservatism {flame, +Blink
                  | rC- Str+4} (You found it in a Gauntlet)
 15219 | D:12     | Noticed an eight-headed hydra
 15247 | D:12     | Killed an eight-headed hydra
 15330 | D:12     | Found a staircase to the Orcish Mines.
 15429 | D:12     | Offered knowledge of Bolt of Magma by Vehumet.
 15548 | D:12     | Reached XP level 13. HP: 98/98 MP: 23/27
 16048 | Lair:1   | Entered Level 1 of the Lair of Beasts
 17007 | Lair:2   | Noticed Gastronok
 17135 | Lair:2   | Killed Gastronok
 18896 | Lair:3   | Reached XP level 14. HP: 34/106 MP: 18/29
 19010 | Lair:3   | Found a staircase to the Shoals.
 19219 | Lair:3   | Offered knowledge of Orb of Destruction by Vehumet.
 19236 | Lair:3   | Learned a level 7 spell: Orb of Destruction
 19349 | Lair:3   | Found a hole to the Spider Nest.
 19898 | Lair:4   | Reached skill level 10 in Dodging
 20560 | Lair:4   | Reached skill level 10 in Stealth
 21476 | Lair:5   | Reached skill level 10 in Invocations
 21903 | Lair:5   | Offered knowledge of Spellforged Servitor by Vehumet.
 21931 | Lair:5   | Learned a level 7 spell: Spellforged Servitor
 22128 | Lair:6   | Entered Level 6 of the Lair of Beasts
 22510 | Lair:6   | Found a staircase to the Slime Pits.
 22999 | Lair:6   | Reached XP level 15. HP: 114/114 MP: 28/30
 23026 | Lair:6   | Got a warped helmet
 23037 | Lair:6   | Identified the cursed -3 helmet of the Tanner {MR+} (You
                  | found it on level 6 of the Lair of Beasts)
 23720 | Orc:1    | Entered Level 1 of the Orcish Mines
 23720 | Orc:1    | Noticed Maurice
 23725 | Orc:1    | Noticed Harold
 23848 | D:12     | Killed Maurice
 23912 | Orc:1    | Paralysed by an orc sorcerer for 7 turns
 23913 | Orc:1    | Killed Harold
 24304 | Orc:1    | Found Naphiyci's Book Emporium.
 24708 | Orc:2    | Entered Level 2 of the Orcish Mines
 24985 | Orc:2    | Found a roughly hewn altar of Beogh.
 25096 | Orc:2    | Offered knowledge of Starburst by Vehumet.
 25228 | Orc:2    | Found a staircase to the Elven Halls.
 25618 | Orc:2    | Found Tyaroydgh's Gadget Shoppe.
 25618 | Orc:2    | Found Gyponast's Armour Shop.
 25622 | Orc:2    | Found Jiblis's Antique Armour Boutique.
 25624 | Orc:2    | Found Wotuon's Armour Emporium.
 25961 | D:13     | You fall into a shaft and drop 1 floor!
 26122 | D:14     | Noticed Josephine
 26139 | D:14     | Killed Josephine
 26139 | D:14     | Noticed Louise
 26161 | D:14     | Killed Louise
 26161 | D:14     | Reached skill level 10 in Fighting
 26161 | D:14     | Reached skill level 10 in Short Blades
 26161 | D:14     | Reached skill level 10 in Long Blades
 26161 | D:14     | Reached skill level 10 in Axes
 26161 | D:14     | Reached skill level 10 in Maces & Flails
 26161 | D:14     | Reached skill level 10 in Polearms
 26161 | D:14     | Reached skill level 10 in Staves
 26161 | D:14     | Reached skill level 10 in Slings
 26161 | D:14     | Reached skill level 10 in Bows
 26161 | D:14     | Reached skill level 10 in Crossbows
 26161 | D:14     | Reached skill level 10 in Throwing
 26161 | D:14     | Reached skill level 10 in Armour
 26161 | D:14     | Reached skill level 10 in Shields
 26161 | D:14     | Reached skill level 10 in Unarmed Combat
 26161 | D:14     | Reached skill level 10 in Evocations
 26386 | D:13     | Reached ****** piety under Vehumet
 26750 | D:13     | Offered knowledge of Freezing Cloud by Vehumet.
 27263 | D:14     | Noticed Jorgrun
 27281 | D:14     | Killed Jorgrun
 27428 | D:14     | Found a gate to the Vaults.
 27768 | D:14     | Noticed Kirke
 27775 | D:14     | Noticed a sphinx
 27785 | D:14     | Killed Kirke
 28029 | D:15     | Entered Level 15 of the Dungeon
 28050 | D:15     | Reached XP level 16. HP: 122/122 MP: 20/32
 28175 | D:15     | Found a staircase to the Depths.
 28542 | D:15     | Noticed Azrael
 28692 | D:15     | Found a shimmering altar of Xom.
 28694 | D:15     | Found a shimmering altar of Xom.
 28694 | D:15     | Found a shimmering altar of Xom.
 28697 | D:15     | Found a shimmering altar of Xom.
 28730 | D:15     | Found a shimmering altar of Xom.
 28732 | D:15     | Found a shimmering altar of Xom.
 28732 | D:15     | Found a shimmering altar of Xom.
 28815 | D:15     | Noticed Roxanne
 29444 | D:15     | Offered knowledge of Lehudib's Crystal Spear by Vehumet.
 29686 | Spider:1 | Entered Level 1 of the Spider Nest
 29741 | Spider:1 | Found a frozen archway.
 29844 | IceCv    | Entered an ice cave
 31704 | Spider:2 | Offered knowledge of Chain Lightning by Vehumet.
 31704 | Spider:2 | Offered knowledge of Tornado by Vehumet.
 31704 | Spider:2 | Offered knowledge of Absolute Zero by Vehumet.
 32143 | Spider:2 | Reached XP level 17. HP: 131/131 MP: 33/33
 34201 | Spider:4 | Entered Level 4 of the Spider Nest
 34606 | Spider:4 | Reached skill level 10 in Conjurations
 34606 | Spider:4 | Reached skill level 10 in Summonings
 34606 | Spider:4 | Reached skill level 10 in Translocations
 35788 | Spider:4 | Reached skill level 10 in Hexes
 35788 | Spider:4 | Reached skill level 10 in Charms
 35788 | Spider:4 | Reached skill level 10 in Necromancy
 35788 | Spider:4 | Reached skill level 10 in Transmutations
 35788 | Spider:4 | Reached skill level 10 in Fire Magic
 35788 | Spider:4 | Reached skill level 10 in Ice Magic
 35788 | Spider:4 | Reached skill level 10 in Air Magic
 35788 | Spider:4 | Reached skill level 10 in Earth Magic
 35788 | Spider:4 | Reached skill level 10 in Poison Magic
 36020 | Spider:4 | Got a gossamer rune of Zot
 36176 | Spider:4 | Reached XP level 18. HP: 139/139 MP: 35/35
 36890 | Shoals:1 | Entered Level 1 of the Shoals
 37390 | Shoals:1 | Found Xewaibaz's Jewellery Shoppe.
 38593 | Shoals:2 | Noticed Ilsuiw
 38663 | Shoals:1 | Killed Ilsuiw
 39876 | Shoals:3 | Noticed Polyphemus
 40210 | Shoals:2 | Hit by a large rock thrown by Polyphemus

Illustrated notes

Levels and vault maps discovered:
D:1:      ncdulo_smallfort, layout_loops_ring, minmay_pentomino_w4
D:2:      layout_basic, nemelex_xobeh_ov_fountains_minmay,
          overflow_temple_1_default, first_ration, uniq_terence
D:3:      layout_loops_ring, minitemple, old_standard_altar
D:4:      layout_cave_pools, nicolae_overflow_crystal_walls, serial_shops, shop,
          kennysheep_mini, shop, nicolae_shop_statue_plus,
          uniq_crazy_yiuf_cottage
D:5:      minmay_evil_eye, layout_basic, grunt_gozag_breadcrumbs,
          minmay_temple_entry_fiery, serial_shops, nicolae_shop_window_shopping,
          enter_ossuary_2, uniq_ijyb, uniq_blork_the_orc
D:6:      layout_rooms, yredelemnul_forgotten_temple_becter,
          nicolae_tso_besieged_by_evil, basic_altar, uniq_pikel
D:7:      layout_gridville
D:8:      layout_cave_pools, grunt_ogre_cave
D:9:      layout_roguey, old_standard_altar, minmay_evil_grid
D:10:     layout_roguey, uniq_erolcha, uniq_maggie
D:11:     layout_cave_pools, david_lair_generic, basic_altar, serial_shops, shop
D:12:     layout_loops_ring, erik_orc_3, gauntlet_entry_generic,
          nicolae_ru_sacrificial_ziggurat
D:13:     layout_loops_cross
D:14:     layout_roguey, skrybe_vaults_entry_preservation,
          chequers_serial_rivers_marsh, uniq_josephine, uniq_louise,
          uniq_jorgrun, uniq_kirke
D:15:     gammafunk_enter_depths_forms, layout_small_grid,
          nicolae_xom_altar_mimics, uniq_roxanne, uniq_azrael
Lair:1:   layout_cave_pods
Lair:2:   layout_roguey, wad_woods_03, grunt_megastairs_4, uniq_gastronok
Lair:3:   layout_cellular_growth, minmay_shoals_entry_hut,
          nicolae_spider_entry_orb_guardian, nicolae_quartered_pool_medium,
          grunt_megastairs_5, lemuel_fruit_fields
Lair:4:   layout_layer_cave, serial_bayou_shore_b, serial_bayou_shore_b,
          grunt_megastairs_1
Lair:5:   layout_gridlike, special_room [special_room_bee]
Lair:6:   grunt_lair_end_beastmaster, layout_big_grid, slime_dummy,
          bobbens_ice_dragon_lair
Shoals:1: layout_shoals, serial_shops, shop, nicolae_shoals_loop_pool
Shoals:2: layout_shoals, nicolae_shoals_so_close, uniq_ilsuiw
Shoals:3: layout_shoals, uniq_polyphemus, uniq_aizul
Spider:1: layout_spider_delve, portal_ice_cave_entry_dragon,
          spiders_nest_spider_trap
Spider:2: layout_chambers
Spider:3: layout_spider_delve
Spider:4: grunt_spider_rune_circles
Orc:1:    layout_caves, serial_shops, shop, minmay_orc_keep, uniq_maurice,
          uniq_harold
Orc:2:    st_orc_rangers, layout_diamond_mine, basic_altar

Skill      XL: |  1  2  3  4  5  6  7  8  9 10 11 12 13 14 15 16 17 18 |
---------------+-------------------------------------------------------+-----
Conjurations   | 2 3 4 5 6 7 8 9 10 | 10.5
Summonings     | 2 3 4 5 6 7 8 9 10 | 10.5
Translocations | 2 3 4 5 6 7 8 9 10 | 10.5
Invocations    | 1 2 3 4 5 6 7 8 9 10 11 12 13 | 13.0
Fighting       | 1 2 4 5 6 7 8 9 10 11 12 | 12.1
Short Blades   | 1 2 4 5 6 7 8 9 10 11 12 | 12.1
Long Blades    | 1 2 4 5 6 7 8 9 10 11 12 | 12.1
Axes           | 1 2 4 5 6 7 8 9 10 11 12 | 12.1
Maces & Flails | 1 2 4 5 6 7 8 9 10 11 12 | 12.1
Polearms       | 1 2 4 5 6 7 8 9 10 11 12 | 12.1
Staves         | 1 2 4 5 6 7 8 9 10 11 12 | 12.1
Slings         | 1 2 4 5 6 7 8 9 10 11 12 | 12.1
Bows           | 1 2 4 5 6 7 8 9 10 11 12 | 12.1
Crossbows      | 1 2 4 5 6 7 8 9 10 11 12 | 12.1
Throwing       | 1 2 4 5 6 7 8 9 10 11 12 | 12.1
Armour         | 1 2 4 5 6 7 8 9 10 11 12 | 12.1
Shields        | 1 2 4 5 6 7 8 9 10 11 12 | 12.1
Unarmed Combat | 1 2 4 5 6 7 8 9 10 11 12 | 12.1
Evocations     | 1 2 4 5 6 7 8 9 10 11 12 | 12.1
Hexes          | 1 2 3 4 5 6 7 8 9 10 | 10.3
Charms         | 1 2 3 4 5 6 7 8 9 10 | 10.3
Necromancy     | 1 2 3 4 5 6 7 8 9 10 | 10.3
Transmutations | 1 2 3 4 5 6 7 8 9 10 | 10.3
Fire Magic     | 1 2 3 4 5 6 7 8 9 10 | 10.3
Ice Magic      | 1 2 3 4 5 6 7 8 9 10 | 10.3
Air Magic      | 1 2 3 4 5 6 7 8 9 10 | 10.3
Earth Magic    | 1 2 3 4 5 6 7 8 9 10 | 10.3
Poison Magic   | 1 2 3 4 5 6 7 8 9 10 | 10.3
Dodging        | 5 6 7 8 9 10 11 12 | 12.8
Stealth        | 5 6 7 8 9 10 11 12 | 12.7
Spellcasting   | 8 9 10 11 12 13 | 13.7

Action                   |  1- 3 |  4- 6 |  7- 9 | 10-12 | 13-15 | 16-18 || total
-------------------------+-------+-------+-------+-------+-------+-------++-------
Melee: Unarmed           |     6 |    24 |       |       |       |       ||    30
       Bite              |       |    12 |    54 |    55 |   103 |   125 ||   349
       Dagger            |       |    93 |   258 |       |       |       ||   351
       Punch             |       |       |     7 |       |       |       ||     7
       Spear             |       |       |   323 |       |       |       ||   323
       Quarterstaff      |       |       |    11 |   333 |   668 |   836 ||  1848
Throw: Dart              |       |    18 |    25 |    17 |     1 |     2 ||    63
       Javelin           |       |       |       |       |     3 |    26 ||    29
       Boomerang         |       |       |       |       |       |     5 ||     5
 Cast: Magic Dart        |    79 |   134 |   389 |    20 |       |       ||   622
       Mephitic Cloud    |       |     6 |    27 |    27 |    27 |    11 ||    98
       Conjure Flame     |       |       |     3 |       |       |       ||     3
       Blink             |       |       |     4 |     7 |     4 |    36 ||    51
       Stone Arrow       |       |       |     3 |   145 |   352 |   582 ||  1082
       Olgreb's Toxic Ra |       |       |       |     7 |   113 |   105 ||   225
       Summon Ice Beast  |       |       |       |     6 |     5 |    18 ||    29
Evoke: Wand              |       |       |       |     5 |       |     7 ||    12
       Phial of floods   |       |       |       |     1 |     1 |     2 ||     4
  Use: Scroll            |       |       |    15 |     7 |    12 |     7 ||    41
       Potion            |       |       |       |       |     2 |     2 ||     4
 Stab: Confused          |       |     3 |    19 |    14 |    15 |     2 ||    53
       Sleeping          |       |     1 |     2 |     5 |     8 |    14 ||    30
       Distracted        |       |       |       |     1 |     1 |     5 ||     7
       Invisible         |       |       |       |       |     1 |       ||     1
       Petrified         |       |       |       |       |       |     8 ||     8
  Eat: Chunk             |     1 |     9 |    13 |    14 |    40 |    37 ||   114
       Ration            |       |       |     2 |     1 |       |     1 ||     4
Armor: Robe              |     2 |    15 |    29 |       |       |       ||    46
       Scale mail        |       |       |    63 |       |       |       ||    63
       Leather armour    |       |       |    50 |    33 |       |       ||    83
       Steam dragon scal |       |       |       |    51 |   159 |   243 ||   453
Dodge: Dodged            |    16 |    77 |   225 |   337 |   738 |  1152 ||  2545
Block: Other             |       |    13 |    79 |    35 |       |       ||   127
       Reflection        |       |       |     1 |       |       |       ||     1
